 Dungeon Crawl Stone Soup version 0.31.0-9-g3a7656b989 (webtiles) character file.

Game seed: 5471442180897789091

1771 qw the Skirmisher (level 8, -6/44 (46) HPs)
             Began as a Deep Elf Hunter on Feb 2, 2024.
             Killed by divine providence
             ... invoked by Jeremiah
              (10 damage)
             ... on level 6 of the Dungeon.
             The game lasted 00:00:25 (4440 turns).

qw the Skirmisher (Deep Elf Hunter)                 Turns: 4440, Time: 00:00:25

HP:   -6/44 (46)    AC: 14    Str: 12    XL:     8   Next: 80%
MP:   10/10         EV: 12    Int: 15    God:
Gold: 229           SH:  0    Dex: 18    Spells: 7/7 levels left

rFire   . . .        d - +7 sling of Harmony {freeze, Str+2}
rCold   . . .        (no shield)
rNeg    . . .        b - +0 ring mail
rPois   .            i - +2 helmet
rElec   .            p - +0 cloak
rCorr   .            o - +2 pair of gloves {Stlth+}
SInv    .            a - +1 pair of boots
Will    .....        h - amulet of faith
Stlth   ++           (no ring)
HPRegen 0.27/turn    (no ring)
MPRegen 0.12/turn

%: faith
@: lightly drained
A: no striking features
a: no special abilities


You were on level 6 of the Dungeon.
You visited 2 branches of the dungeon, and saw 7 of its levels.

You collected 229 gold pieces.


   Skills:
 - Level 3.2 Fighting
 + Level 13.9 Ranged Weapons
 - Level 2.0 Armour
 - Level 4.0 Dodging
 - Level 1.2 Stealth


You had 7 spell levels left.
You didn't know any spells.
Your spell library was empty.

Inventory:

Hand Weapons
 d - the +7 sling of Harmony (weapon) {freeze, Str+2}
   (You found it on level 3 of the Dungeon)

   Str+2:     It affects your strength (+2).
Armour
 a - a +1 pair of boots (worn)
 b - a +0 ring mail (worn)
 i - a +2 helmet (worn)
 o - a +2 pair of gloves of stealth (worn)
 p - a +0 cloak (worn)
Jewellery
 c - a ring of ice
 h - an amulet of faith (around neck)
 m - the amulet "Keafuzi" {Spirit rF+ Int+4 Dex+4}
   (You found it on level 2 of the Dungeon)

   [amulet of guardian spirit]

   Spirit:    It causes incoming damage to be divided between your reserves of
   health and magic.
   Int+4:     It affects your intelligence (+4).
   Dex+4:     It affects your dexterity (+4).
   rF+:       It protects you from fire.
Scrolls
 f - a scroll of summoning {unknown}
 k - 2 scrolls of identify
 l - a scroll of noise {unknown}
Potions
 e - 3 potions of might
 g - 2 potions of curing
 j - a potion of mutation

Dungeon Overview and Level Annotations

Branches:
Dungeon (6/15)             Temple (1/1) D:6

Altars:
Ashenzari
Dithmenos
Fedhas
Hepliaklqana
Makhleb
Qazlal
Ru
Sif Muna
Trog
Uskayaw
Wu Jian
Xom

Annotations:
D:6 Jeremiah


Message History

The sling bullet freezes Jeremiah.
Jeremiah is moderately wounded.
You shoot a sling bullet.
The sling bullet barely misses Jeremiah.
Jeremiah hits you with a +4 trident of draining!
You feel drained.
You shoot a sling bullet. The sling bullet hits Jeremiah.
The sling bullet freezes Jeremiah.
Jeremiah is heavily wounded.
The butterfly disappears in a burst of colours!
Jeremiah hits you but does no damage.
You feel drained.
You shoot a sling bullet. The sling bullet hits Jeremiah.
The sling bullet freezes Jeremiah.
Jeremiah is heavily wounded.
Jeremiah shouts, "O dreadful one, destroy my foe!"
Something smites you!
You shoot a sling bullet. The sling bullet hits Jeremiah!
The sling bullet freezes Jeremiah.
Jeremiah is almost dead.
The butterfly disappears in a burst of colours! x2
Jeremiah hops!
The butterfly disappears in a burst of colours! x2
The butterfly disappears in a burst of colours!
The butterfly disappears in a burst of colours!
The butterfly disappears in a burst of colours! x3
The butterfly disappears in a burst of colours!
The butterfly disappears in a burst of colours!
Jeremiah throws their arms up pleadingly.
Something smites you!
The butterfly disappears in a burst of colours! x4
Enter note: The butterfly disappears in a burst of colours!
Jeremiah shouts, "O dreadful one, destroy my foe!"
Something smites you!
The butterfly disappears in a burst of colours!
The butterfly disappears in a burst of colours! x2
Jeremiah cries, "Fearful master, protect me!"
Something smites you!
You die...
Jeremiah asks, "What happened?
Did... did you die?"

##.## #.# #.#
####.#####
#.#
#........#
#+#
#........##
#.##.##.#.##
#. #b#.###.##
# #Fb# ##.#
#.##bb.###.##
+..bbbb@#.##
#........##
#bbbbb...#
#####.#### #.
#. #


You could see Jeremiah.

Vanquished Creatures
  Prince Ribbit (D:5)
  Eustachio (D:5)
  Edmund (D:6)
  Duvessa (D:5)
  A black bear (D:3)
  An ogre (D:5)
  A phantom (D:3)
  A kobold brigand (D:6)
  A scorpion (D:6)
  Dowan (D:5)
  A howler monkey (D:4)
  3 hounds
  2 bombardier beetles
  A jelly (D:5)
  2 orc priests (D:3)
  A sleepcap (D:2)
  Natasha (thrice) (D:2)
  3 orc wizards
  13 gnolls
  6 adders
  4 ufetubi (D:5)
  8 dart slugs
  2 ribbon worms
  26 orcs
  4 endoplasms
  2 giant cockroaches
  4 hobgoblins
  13 kobolds
  2 quokkas
  5 ball pythons
  5 bats
  2 frilled lizards (D:1)
  6 goblins
  5 rats
133 creatures vanquished.

Notes
Turn   | Place    | Note
-------+----------+-------------------------------------------
     0 | D:1      | qw the Deep Elf Hunter began the quest for the Orb.
     0 | D:1      | Reached XP level 1. HP: 12/12 MP: 3/3
     0 | D:1      | 0 ||| qw: Version: 0.3-a-155-g5e7d8dd
     0 | D:1      | 0 ||| qw: Game counter: 997
     0 | D:1      | 0 ||| qw: Melee chars always use a shield: true
     0 | D:1      | 0 ||| qw: God list: Okawaru
     0 | D:1      | 0 ||| qw: Allow faded altars: false
     0 | D:1      | 0 ||| qw: Do Orc after clearing Dungeon:15 true
     0 | D:1      | 0 ||| qw: Do second Lair branch before Depths: true
     0 | D:1      | 0 ||| qw: Lair rune preference: random
     0 | D:1      | 0 ||| qw: Goals: Normal
     0 | D:1      | 0 ||| PLANNING D:1-11
   268 | D:1      | Reached XP level 2. HP: 16/16 MP: 4/4
   275 | D:1      | Reached skill level 6 in Ranged Weapons
   601 | D:1      | 601 ||| UPGRADING to +2 helmet.
   606 | D:1      | 606 ||| READING scroll labelled UMIMME IXIPSI.
   606 | D:1      | 606 ||| IDENTIFYING smoky dark potion
   607 | D:1      | 607 ||| DROPPING scroll of butterflies.
   608 | D:1      | 608 ||| DROPPING potion of lignification.
   679 | D:2      | Reached XP level 3. HP: 20/20 MP: 5/5
   768 | D:2      | Reached skill level 7 in Ranged Weapons
   780 | D:2      | Reached XP level 4. HP: 14/25 MP: 6/6
   869 | D:2      | Noticed Natasha
   878 | D:2      | Killed Natasha
   900 | D:2      | Noticed Natasha
   908 | D:2      | Killed Natasha
   909 | D:2      | Reached skill level 8 in Ranged Weapons
   960 | D:2      | Found a shimmering blue altar of Sif Muna.
  1010 | D:2      | Reached XP level 5. HP: 29/29 MP: 7/7
  1111 | D:2      | Identified the amulet "Keafuzi" {Spirit rF+ Int+4 Dex+4}
  1115 | D:2      | You fall into a shaft and drop 1 floor!
  1224 | D:3      | HP: 6/29 [orc/+0 trident (4)]
  1226 | D:3      | Reached skill level 9 in Ranged Weapons
  1228 | D:3      | HP: 2/29 [orc/+0 trident (2)]
  1231 | D:3      | Reached skill level 3 in Dodging
  1252 | D:3      | Noticed a phantom
  1259 | D:3      | Killed a phantom
  1260 | D:3      | Reached XP level 6. HP: 10/36 MP: 8/8
  1426 | D:3      | HP: 7/36 [orc priest/divine providence (16)]
  1431 | D:3      | HP: 8/36 [orc/+0 short sword (1)]
  1682 | D:3      | 1682 ||| UPGRADING to +0 ring mail.
  1692 | D:3      | 1692 ||| DROPPING +0 leather armour.
  1693 | D:3      | 1693 ||| UPGRADING to +2 pair of gloves of stealth.
  1698 | D:3      | 1698 ||| UPGRADING to +0 cloak.
  1703 | D:3      | 1703 ||| UPGRADING to amulet "Keafuzi" {Spirit rF+ Int+4
                  | Dex+4}.
  1708 | D:3      | 1708 ||| DROPPING +6 ring of intelligence.
  1709 | D:3      | 1709 ||| READING 2 scrolls of identify.
  1709 | D:3      | 1709 ||| IDENTIFYING murky puce potion
  1710 | D:3      | 1710 ||| READING scroll of identify.
  1710 | D:3      | 1710 ||| IDENTIFYING white potion
  1711 | D:3      | 1711 ||| READING scroll labelled MODULI LOEQ.
  1712 | D:3      | 1712 ||| READING scroll labelled NERGHI NOFEU.
  1713 | D:3      | 1713 ||| READING scroll labelled LASTRYQE ULAXA.
  1717 | D:3      | 1717 ||| READING scroll labelled LIXUPS DECRU.
  1717 | D:3      | 1717 ||| BRANDING +0 shortbow.
  1718 | D:3      | 1718 ||| DRINKING 2 sedimented clear potions.
  1719 | D:3      | 1719 ||| DROPPING potion of berserk rage.
  1744 | D:2      | Noticed Natasha
  1746 | D:2      | Killed Natasha
  2057 | D:3      | Reached skill level 1 in Armour
  2376 | D:3      | Identified the +7 sling of Harmony {freeze, Str+2}
  2378 | D:3      | 2378 ||| SWAPPING to +7 sling of Harmony {freeze, Str+2}.
  2379 | D:3      | 2379 ||| DROPPING +0 shortbow of draining.
  2407 | D:3      | Reached skill level 10 in Ranged Weapons
  2407 | D:3      | Reached XP level 7. HP: 40/40 MP: 9/9
  3269 | D:4      | 3269 ||| UPGRADING to amulet of faith.
  3279 | D:4      | 3279 ||| READING 3 scrolls of identify.
  3279 | D:4      | 3279 ||| IDENTIFYING pink potion
  3280 | D:4      | 3280 ||| READING 2 scrolls of identify.
  3280 | D:4      | 3280 ||| IDENTIFYING fizzy pink potion
  3281 | D:4      | 3281 ||| READING scroll of identify.
  3281 | D:4      | 3281 ||| IDENTIFYING scroll labelled YPNAPA GEILI
  3282 | D:4      | 3282 ||| DROPPING potion of magic.
  3283 | D:4      | 3283 ||| DROPPING scroll of fog.
  3305 | D:5      | Entered Level 5 of the Dungeon
  3308 | D:5      | 3308 ||| STAIRDANCE
  3330 | D:5      | 3330 ||| STAIRDANCE
  3335 | D:4      | Reached skill level 11 in Ranged Weapons
  3510 | D:5      | Noticed Dowan
  3512 | D:5      | Noticed Duvessa
  3517 | D:5      | 3517 ||| FLEEEEING.
  3518 | D:5      | 3518 ||| FLEEEEING.
  3529 | D:5      | Killed Dowan
  3530 | D:5      | Reached skill level 12 in Ranged Weapons
  3530 | D:5      | Reached XP level 8. HP: 32/45 MP: 10/10
  3584 | D:5      | Killed Duvessa
  3585 | D:5      | Reached skill level 3 in Fighting
  3627 | D:5      | Noticed Eustachio
  3631 | D:5      | Killed Eustachio
  3686 | D:5      | Noticed Prince Ribbit
  3690 | D:5      | Killed Prince Ribbit
  3691 | D:5      | Reached skill level 13 in Ranged Weapons
  3786 | D:5      | 3786 ||| UPGRADING to +0 pair of boots.
  3791 | D:5      | 3791 ||| DROPPING scarf of invisibility.
  3792 | D:5      | 3792 ||| READING 4 scrolls of identify.
  3792 | D:5      | 3792 ||| IDENTIFYING scroll labelled EBLEK WULESUBI
  3793 | D:5      | 3793 ||| READING 3 scrolls of identify.
  3793 | D:5      | 3793 ||| IDENTIFYING scroll labelled TASITE ISAGGUFUWOA
  3794 | D:5      | 3794 ||| READING scroll of enchant armour.
  3794 | D:5      | 3794 ||| ENCHANTING +0 pair of boots.
  3795 | D:5      | 3795 ||| DROPPING scroll of poison.
  3838 | D:6      | Found a staircase to the Ecumenical Temple.
  3839 | D:6      | 3839 ||| PLANNING TEMPLE
  3839 | D:6      | 3839 ||| FLEEEEING.
  3841 | D:6      | 3841 ||| FLEEEEING.
  3842 | D:6      | 3842 ||| STAIRDANCE
  3846 | D:6      | 3846 ||| STAIRDANCE
  3850 | D:6      | 3850 ||| STAIRDANCE
  3857 | D:6      | 3857 ||| STAIRDANCE
  3867 | D:6      | 3867 ||| STAIRDANCE
  3871 | D:6      | 3871 ||| STAIRDANCE
  3875 | D:6      | 3875 ||| STAIRDANCE
  4014 | D:6      | 4014 ||| STAIRDANCE
  4022 | D:6      | 4022 ||| STAIRDANCE
  4051 | D:6      | 4051 ||| STAIRDANCE
  4083 | D:6      | 4083 ||| STAIRDANCE
  4087 | D:6      | 4087 ||| STAIRDANCE
  4091 | D:6      | 4091 ||| STAIRDANCE
  4095 | D:6      | 4095 ||| STAIRDANCE
  4124 | D:6      | 4124 ||| STAIRDANCE
  4128 | D:6      | 4128 ||| STAIRDANCE
  4132 | D:6      | 4132 ||| STAIRDANCE
  4136 | D:6      | 4136 ||| STAIRDANCE
  4140 | D:6      | 4140 ||| STAIRDANCE
  4144 | D:6      | 4144 ||| STAIRDANCE
  4165 | Temple   | Entered the Ecumenical Temple
  4166 | Temple   | 4166 ||| PLANNING D:1-11
  4348 | D:6      | Noticed Edmund
  4358 | D:6      | Killed Edmund
  4411 | D:6      | Noticed Jeremiah
  4435 | D:6      | HP: 11/44 [Jeremiah/divine providence (14)]
  4438 | D:6      | HP: 4/44 [Jeremiah/divine providence (8)]
  4440 | D:6      | Killed from afar by Jeremiah

Levels and vault maps discovered:
D:1:      giann_wishing_wells, layout_loops_cross
D:2:      layout_basic, basic_altar, uniq_natasha
D:3:      layout_basic
D:4:      layout_basic, hangedman_abyss_or_decor_stabs,
          serial_library_hellmonk_junction, minmay_misc_feat_five,
          kennysheep_generic_room_16
D:5:      layout_gridville, uniq_prince_ribbit1, uniq_eustachio, uniq_duvessa
D:6:      layout_loops_corners, nicolae_overflow_hallway_of_the_gods,
          temple_fountains, uniq_jeremiah, uniq_edmund, uniq_grinder,
          uniq_maggie
Temple:   chequers_temple_sunken

Skill      XL: |  1  2  3  4  5  6  7  8 |
---------------+-------------------------+-----
Ranged Weapons | 6 7 8 9 10 12 13 | 13.9
Dodging        | 3 4 |  4.0
Fighting       | 2 3 |  3.2
Armour         | 1 2 |  2.0
Stealth        | |  1.2

Action                     |  1- 3 |  4- 6 |  7- 9 || total
---------------------------+-------+-------+-------++-------
   Fire: Shortbow          |    71 |   135 |       ||   206
         Sling             |       |     5 |   186 ||   191
    Use: Scroll            |     1 |     6 |     6 ||    13
         Potion            |       |     1 |       ||     1
 Armour: Leather armour    |    13 |    34 |       ||    47
         Ring mail         |       |     4 |    54 ||    58
  Dodge: Dodged            |    16 |    44 |    38 ||    98

Table legend:
 A = Non-vault XP
 B = Vault XP
 C = Vault XP percentage of total XP
 D = Non-vault monster count
 E = Vault monster count
 F = Vault count percentage of total count
                 A         B        C        D         E       F
            +---------+---------+-------+---------+---------+-------
      Total |    1608 |     922 |  36.4 |     125 |       8 |   6.0
            +---------+---------+-------+---------+---------+-------
        D:1 |      26 |       0 |   0.0 |      15 |       0 |   0.0
        D:2 |     205 |      35 |  14.6 |      22 |       1 |   4.3
        D:3 |     473 |       0 |   0.0 |      28 |       0 |   0.0
        D:4 |     310 |      58 |  15.8 |      31 |       2 |   6.1
        D:5 |     394 |     665 |  62.8 |      22 |       4 |  15.4
        D:6 |     200 |     164 |  45.1 |       7 |       1 |  12.5
            +---------+---------+-------+---------+---------+-------
